 Dungeon Crawl Stone Soup version 0.30-a0-757-ga6a79fd877 (webtiles) character file.

Game seed: 14403262714084327542

266 retardedninja the Covered (level 6, -8/39 HPs)
             Began as a Gargoyle Fighter on Feb 9, 2023.
             Was an Initiate of Dithmenos.
             Mangled by a gnoll
             ... wielding a +0 flail
              (15 damage)
             ... on level 5 of the Dungeon.
             The game lasted 00:04:26 (3319 turns).

retardedninja the Covered (Gargoyle Fighter)        Turns: 3319, Time: 00:04:27

Health: -8/39      AC: 15    Str: 22    XL:     6   Next: 20%
Magic:  6/6        EV:  4    Int:  8    God:    Dithmenos [......]
Gold:   248        SH: 12    Dex:  9    Spells: 5/5 levels left

rFire   + . .      SeeInvis .    a - +0 flail
rCold   + . .      Faith    .    t - +0 tower shield
rNeg    + . .      Spirit   .    m - +0 chain mail
rPois   ∞          Reflect  .    f - +0 helmet
rElec   +          Harm     .    (no cloak)
rCorr   +          Rampage  .    (no gloves)
Will    .....                    (no boots) Stlth
                                 n - amulet of regeneration
HPRegen 1.06/turn                g - ring of resist corrosion
MPRegen 0.10/turn                (no ring)

@: mighty, resistant
A: sickness immunity, AC +4, negative energy resistance 1, electricity
resistance, torment resistance 1, petrification resistance
a: Renounce Religion


You were on level 5 of the Dungeon.
You worshipped Dithmenos.
Dithmenos was noncommittal.
You visited 2 branches of the dungeon, and saw 6 of its levels.

You collected 248 gold pieces.

Inventory:

Hand Weapons
 a - a +0 flail (weapon)
Armour
 c - a +0 buckler
 f - a +0 helmet (worn)
 m - a +0 chain mail (worn)
 t - a +0 tower shield (worn)
Jewellery
 g - a ring of resist corrosion (left hand)
 n - an amulet of regeneration (around neck)
Scrolls
 j - a scroll of brand weapon {unknown}
 k - 2 scrolls of teleportation {unknown}
 l - 2 scrolls of magic mapping {unknown}
 o - 3 scrolls of identify {unknown}
 u - a scroll of noise {unknown}
Potions
 b - a potion of curing {unknown}
 e - 4 potions of flight {unknown}
 h - 2 potions of resistance
 i - 2 potions of degeneration {unknown}
 p - 2 potions of brilliance {unknown}
 q - a potion of ambrosia {unknown}
 r - a potion of mutation {unknown}
 s - 2 potions of heal wounds {unknown}


   Skills:
 + Level 4.6 Fighting
 + Level 3.5 Maces & Flails
 + Level 4.6 Armour
 + Level 4.6 Shields


You had 5 spell levels left.
You didn't know any spells.
Your spell library contained the following spells:

 Spells                   Type           Power      Damage    Failure   Level
 Apportation              Tloc           0%         N/A       100%        1
 Kiss of Death            Conj/Necr      0%         2d5       100%        1
 Confusing Touch          Hex            0%         N/A       100%        3
 Dispel Undead            Necr           0%         3d6       100%        4
 Alistair's Intoxication  Tmut/Pois      0%         N/A       100%        5


Dungeon Overview and Level Annotations

Branches:
Dungeon (5/15)             Temple (1/1) D:4

Altars:
Ashenzari
Cheibriados
Dithmenos
Elyvilon
Fedhas
Gozag
Hepliaklqana
Kikubaaqudgha
Nemelex Xobeh
Okawaru
Qazlal
Ru
Sif Muna
Uskayaw
Vehumet
Wu Jian
Xom
Yredelemnul
Zin
The Shining One


Innate Abilities, Weirdness & Mutations

You are immune to sickness and miasma.
Your stone body is resilient. (AC +4)
You are immune to poison.
You resist negative energy. (rN+)
You are resistant to electric shocks. (rElec)
You are resistant to unholy torment.
You are immune to petrification.


Message History

There are monsters nearby!
There are monsters nearby!
The gnoll shouts!
A gnoll comes into view. It is wielding a +0 spear.
Found 11 gold pieces.
You sock the gnoll!
The gnoll is heavily wounded.
The gnoll hits you but does no damage. The gnoll hits you but does no damage.
The gnoll drinks a potion.
The gnoll seems to grow stronger.
The gnoll hits you with a +0 halberd.
You hit the gnoll.
The gnoll is moderately wounded.
You block the gnoll's attack. The gnoll hits you but does no damage.
You block the gnoll's attack. x2; The gnoll barely misses you.
The gnoll hits you but does no damage. You block the gnoll's attack.
You block the gnoll's attack. The gnoll hits you but does no damage.
You closely miss the gnoll.
The gnoll is heavily wounded.
The gnoll hits you but does no damage. You block the gnoll's attack.
The gnoll hits you with a +0 flail.
The gnoll hits you from afar with a +0 halberd!
You thump the gnoll!
You kill the gnoll!
Dithmenos accepts your kill. You block the gnoll's attack.
The gnoll hits you from afar with a +0 halberd.
The gnoll hits you but does no damage. x2; The gnoll hits you with a +0 flail.
You feel very mighty all of a sudden. The gnoll hits you but does no damage.
You block the gnoll's attack. The gnoll barely misses you.
You sock the gnoll!
The gnoll is severely wounded.
You block the gnoll's attack. The gnoll hits you with a +0 flail!
The gnoll throws a throwing net.
You block the throwing net.
It was a potion of resistance.
You feel protected.
The gnoll hits you from afar with a +0 spear.
* * * LOW HITPOINT WARNING * * *
The gnoll hits you with a +0 flail!
You die...

........P#..P.........
#..................##.
.........###..........
.........#####........
.#.......##.#......... .
.#.......##....###.#....
...............# #....
#.......##....g###......
##....#.###...g.@..#
#....#.# #....#g......#
#..........#.#####.....#
.............# #....$
.>.....g# #....
...##.... ..#. .. .....
.# . ....##. # ...## .


You could see 3 gnolls.

Vanquished Creatures
  A scorpion (D:4)
  A jelly (D:4)
  An iguana (D:5)
  A gnoll (D:5)
  6 adders
  An ufetubus (D:4)
  A worm (D:2)
  A dart slug (D:3)
  4 orcs (D:4)
  6 ball pythons
  10 endoplasms
  A giant cockroach (D:2)
  5 goblins
  7 hobgoblins
  6 jackals
  8 kobolds
  A quokka (D:1)
  3 bats
  3 frilled lizards (D:1)
  5 rats
72 creatures vanquished.

Notes
Turn   | Place    | Note
-------+----------+-------------------------------------------
     0 | D:1      | retardedninja the Gargoyle Fighter began the quest for the
                  | Orb.
     0 | D:1      | Reached XP level 1. HP: 14/14 MP: 1/1
    53 | D:1      | Reached XP level 2. HP: 19/19 MP: 2/2
   409 | D:1      | Found a faded altar of an unknown god.
   497 | D:1      | Reached XP level 3. HP: 18/23 MP: 3/3
  1206 | D:2      | Reached XP level 4. HP: 26/29 MP: 4/4
  2138 | D:3      | Reached XP level 5. HP: 33/33 MP: 5/5
  2284 | D:3      | Found an ornate altar of the Wu Jian Council.
  2387 | D:4      | Found a radiant altar of Vehumet.
  2552 | D:4      | Found a staircase to the Ecumenical Temple.
  2605 | Temple   | Entered the Ecumenical Temple
  2605 | Temple   | Found a transporter.
  2605 | Temple   | Found a transporter.
  2607 | Temple   | Found a transporter.
  2607 | Temple   | Found a transporter.
  2636 | Temple   | Became a worshipper of Dithmenos the Shadowed
  3134 | D:4      | Reached XP level 6. HP: 39/39 MP: 6/6
  3153 | D:5      | Entered Level 5 of the Dungeon
  3275 | D:5      | Found a hazy altar of Hepliaklqana.
  3319 | D:5      | Mangled by a gnoll

Illustrated notes

Levels and vault maps discovered:
D:1:      giann_bridges, layout_loops_ring, chequers_ecumenical_altar_lobes
D:2:      layout_loops_corners
D:3:      layout_loops_ring, pdpol_wu_jian_five_deadly_venoms
D:4:      layout_gridville, mainiacjoe_overflow_24_doors,
          minmay_temple_entry_overgrown
D:5:      layout_cave_pools, nicolae_hepliaklqana_hazy_memory,
          mainiacjoe_overflow_concentric_impassable, biasface_ghost_orc_armoury,
          guppyfry_early_orc_mine
Temple:   hellmonk_temple_divided_pantheon

Skill      XL: |  1  2  3  4 |
---------------+-------------+-----
Armour         | 4 |  4.6
Shields        | 4 |  4.6
Fighting       | 4 |  4.6
Maces & Flails | 3 |  3.5

Action                     |  1- 3 |  4- 6 || total
---------------------------+-------+-------++-------
  Melee: Flail             |   121 |   146 ||   267
    Use: Potion            |       |     2 ||     2
 Armour: Scale mail        |    66 |       ||    66
         Chain mail        |    12 |   119 ||   131
  Dodge: Dodged            |    57 |    54 ||   111
  Block: Buckler           |    26 |    41 ||    67
         Tower shield      |       |    32 ||    32

Table legend: (Time is in decaauts)
 A = Elapsed time spent in this place.
 B = Non-inter-level travel time spent in this place.
 C = Inter-level travel time spent in this place.
 D = Time resting spent in this place.
 E = Time spent auto-exploring this place.
 F = Levels seen in this place.
 G = Mean time per level.
                   A        B        C        D        E       F      G
               +--------+--------+--------+--------+--------+-----+--------+
         Total |   3413 |   3321 |     92 |    212 |   2351 |   6 |  568.8 |
       Dungeon |   3350 |   3258 |     92 |    212 |   2351 |   5 |  670.0 |
        Temple |     62 |     62 |      0 |      0 |      0 |   1 |   62.0 |
               +--------+--------+--------+--------+--------+-----+--------+

Top non-repeatable levels by time:
     D:2: 919 daAuts
     D:1: 826 daAuts
     D:4: 790 daAuts
     D:3: 640 daAuts
     D:5: 173 daAuts
  Temple: 62 daAuts
